Map: Blackpink LE

Players

ShoWTimE - Winner!

  • Race: Protoss Protoss
  • Spawn Location: 7:00

Harstem

  • Race: Protoss Protoss
  • Spawn Location: 1:00

Event: WCS Leipzig 2018

VOD

Have the link to the VOD?

Description

Time

  • Played on: Jan. 26, 2018, 1:22 p.m.
  • Length: 8:46

All games in this series

Show
View Real Time Build Order
Export as new Build Order

ShoWTimE Protoss - Winner!

Build Orders: Phoenix Opening, Zealot Archon 

Get SALT Encoding   

  12  0:00  Probe  
  13  0:12  Probe  
  14  0:18  Pylon  
  14  0:25  Probe (Chrono Boost)  
  15  0:37  Probe (Chrono Boost)  
  15  0:38  Gateway  
  16  0:45  Probe (Chrono Boost)  
  16  0:46  Assimilator  
  17  0:51  Probe (Chrono Boost)  
  17  0:54  Assimilator  
  18  1:03  Probe (Chrono Boost)  
  19  1:07  Gateway  
  20  1:11  Probe (Chrono Boost)  
  20  1:17  Probe  
  20  1:25  Cybernetics Core  
  21  1:29  Probe  
  22  1:34  Pylon  
  22  1:41  Probe  
  23  1:56  Probe  
  24  2:02  Stalker, Sentry  
  24  2:03  Warp Gate  
  28  2:15  Pylon  
  28  2:27  Pylon  
  28  2:29  Stargate  
  28  2:41  Stalker  
  29  2:53  Nexus  
  29  3:01  Stalker  
  31  3:12  Phoenix (Chrono Boost)  
  31  3:16  Probe  
  31  3:18  Phoenix (Chrono Boost)  
  34  3:25  Pylon  
  34  3:28  Probe  
  34  3:33  Phoenix (Chrono Boost)  
  37  3:40  Probe  
  38  3:48  Robotics Facility  
  38  3:53  Probe  
  39  4:00  Phoenix  
  41  4:05  Probe (Chrono Boost)  
  41  4:09  Probe (Chrono Boost)  
  44  4:17  Probe (Chrono Boost)  
  44  4:21  Probe (Chrono Boost)  
  45  4:24  Probe (Chrono Boost)  
  45  4:25  Phoenix  
  45  4:26  Probe (Chrono Boost)  
  49  4:31  Probe  
  49  4:33  Shield Battery  
  49  4:37  Probe  
  50  4:43  Probe  
  49  4:49  Probe  
  49  4:51  Observer  
  51  4:56  Probe, Forge  
  52  5:01  Probe  
  52  5:03  Shield Battery  
  53  5:08  Probe, Assimilator  
  53  5:10  Assimilator  
  53  5:13  Probe (Chrono Boost)  
  56  5:23  Pylon  
  56  5:24  Probe (Chrono Boost)  
  56  5:25  Probe (Chrono Boost)  
  57  5:30  Immortal  
  57  5:31  Protoss Ground Weapons Level 1 (Chrono Boost)  
  57  5:35  Probe (Chrono Boost)  
  62  5:39  Probe  
  63  5:44  Probe, Twilight Council  
  64  5:52  Probe  
  64  5:56  Probe  
  66  6:00  Pylon  
  66  6:04  Probe  
  64  6:08  Probe  
  64  6:10  Charge  
  68  6:11  Immortal  
  68  6:20  Gateway  
  68  6:24  Gateway  
  68  6:27  Templar Archives  
  68  6:32  Pylon  
  68  6:37  Nexus  
  68  6:41  Probe x2  
  70  6:47  Gateway  
  70  6:52  Gateway  
  70  6:54  Probe x2  
  72  7:04  Gateway  
  72  7:05  Gateway  
  72  7:06  Probe  
  72  7:07  Probe  
  74  7:14  High Templar x2  
  78  7:16  Pylon  
  78  7:18  Probe  
  78  7:19  Probe  
  78  7:21  Archon  
  80  7:28  Pylon  
  80  7:30  Probe (Chrono Boost), High Templar  
  80  7:31  High Templar  
  80  7:34  Probe (Chrono Boost)  
  80  7:36  Archon  
  86  7:41  Probe (Chrono Boost), Immortal  
  86  7:43  Probe (Chrono Boost)  
  94  7:56  High Templar x2  
  96  8:00  Archon  
  96  8:02  Shield Battery, Zealot  
  96  8:03  Zealot x2  
  102  8:10  Zealot x3  
  102  8:12  Probe x3  
  111  8:20  Pylon  
  111  8:23  Pylon  
  111  8:26  Zealot x2  
  111  8:27  Zealot  
  117  8:31  Pylon  
  113  8:35  Zealot x2  
  113  8:41  Zealot x3  
Show
View Real Time Build Order
Export as new Build Order

Harstem Protoss 

Build Orders: Oracle Opening, Zealot Archon 

Get SALT Encoding   

  12  0:00  Probe  
  13  0:12  Probe  
  14  0:18  Pylon  
  14  0:25  Probe (Chrono Boost)  
  15  0:36  Gateway  
  15  0:37  Probe (Chrono Boost)  
  16  0:44  Probe (Chrono Boost)  
  16  0:48  Assimilator  
  17  0:52  Probe  
  17  0:54  Assimilator  
  18  1:04  Probe  
  19  1:08  Gateway  
  19  1:16  Probe  
  20  1:23  Cybernetics Core  
  20  1:28  Probe (Chrono Boost)  
  21  1:34  Pylon  
  22  1:40  Probe (Chrono Boost)  
  22  1:46  Probe (Chrono Boost)  
  23  1:59  Adept  
  23  2:00  Adept  
  27  2:01  Warp Gate  
  27  2:13  Pylon  
  27  2:15  Stargate  
  27  2:25  Pylon  
  27  2:26  Stalker  
  29  2:56  Stalker, Oracle (Chrono Boost)  
  34  3:10  Nexus  
  34  3:12  Shield Battery  
  34  3:16  Probe  
  35  3:27  Oracle (Chrono Boost)  
  38  3:37  Pylon  
  38  3:41  Shield Battery  
  38  3:46  Probe  
  39  3:58  Probe  
  40  4:08  Robotics Facility  
  40  4:10  Probe (Chrono Boost)  
  41  4:17  Sentry  
  41  4:22  Probe (Chrono Boost)  
  41  4:24  Probe (Chrono Boost)  
  45  4:30  Probe (Chrono Boost)  
  47  4:31  Probe (Chrono Boost)  
  47  4:37  Probe  
  46  4:46  Probe  
  46  4:47  Stalker x2  
  46  4:49  Probe  
  50  4:54  Forge  
  50  4:58  Probe  
  48  5:01  Probe  
  50  5:07  Observer  
  50  5:10  Probe (Chrono Boost)  
  52  5:16  Assimilator  
  52  5:19  Probe (Chrono Boost), Assimilator  
  52  5:21  Probe (Chrono Boost)  
  52  5:22  Stalker, Pylon  
  52  5:23  Stalker  
  52  5:26  Probe (Chrono Boost)  
  52  5:27  Probe (Chrono Boost)  
  58  5:31  Protoss Ground Weapons Level 1 (Chrono Boost)  
  58  5:36  Probe  
  58  5:37  Probe  
  58  5:39  Twilight Council  
  60  5:45  Stalker  
  60  5:48  Probe  
  60  5:49  Probe, Pylon  
  61  6:00  Probe  
  61  6:01  Probe  
  62  6:12  Charge (Chrono Boost)  
  62  6:14  Gateway  
  62  6:16  Gateway  
  59  6:19  Templar Archives  
  59  6:31  Nexus  
  59  6:34  Observer  
  59  6:46  Gateway  
  59  6:47  Gateway  
  59  6:48  Gateway  
  59  6:51  Gateway  
  59  6:56  Warp Prism (Chrono Boost)  
  59  6:57  High Templar x2  
  59  7:01  Probe  
  66  7:05  Archon  
  66  7:10  Probe  
  66  7:15  High Templar x2, Pylon  
  71  7:20  Archon  
  71  7:23  Probe  
  71  7:25  Probe  
  71  7:27  Pylon  
  73  7:31  Pylon x2  
  73  7:33  High Templar  
  73  7:36  Observer  
  75  7:38  High Templar  
  75  7:40  Probe  
  75  7:41  Probe  
  79  7:44  Observer, Archon  
  78  7:51  Zealot x3  
  78  7:54  Probe (Chrono Boost)  
  78  7:56  Probe (Chrono Boost)  
  83  8:09  Probe (Chrono Boost)  
  83  8:12  Probe (Chrono Boost), High Templar x2, Zealot  
  83  8:13  Zealot x5  
  83  8:14  Probe  
  83  8:16  Archon  
  83  8:17  Probe  
  96  8:24  Probe  
  95  8:32  Zealot x2  
  95  8:38  Zealot x3  
  75  8:41  Zealot x4  
Tags
 
Add a new tag
Caveats
  • Supply blocks, unpowered buildings, or Contaminate may cause inaccurate times.
  • Supply counts are checked every 10 seconds.